 Dungeon Crawl Stone Soup version 0.23.2-40-g277498a001 (webtiles) character file.

Game seed: 14987678445331266102

1258262 Hylith the Conqueror (level 27, -5/327 HPs)
             Began as a Deep Dwarf Fighter on Sept 10, 2019.
             Was the Champion of Makhleb.
             Killed from afar by a Brimstone Fiend (25 damage)
             ... with damnation
             ... in Pandemonium on Sept 11, 2019.
             The game lasted 05:10:41 (82287 turns).

Hylith the Conqueror (Deep Dwarf Fighter)          Turns: 82287, Time: 05:10:42

Health: -5/327     AC: 45    Str: 30      XL:     27
Magic:  22/22      EV:  9    Int: 18      God:    Makhleb [******]
Gold:   9569       SH: 38    Dex: 14 (15) Spells: 35/65 levels left

rFire    + + +     SeeInvis .   E - +9 broad axe (freeze)
rCold    + + +     Gourm    .   O - +10 large shield of Ignorance {rN+ Int-4}
rNeg     + + +     Faith    .   B - +10 plate armour
rPois    .         Spirit   .   b - +2 hat of Peek-a-Boo {Int+7 Stlth-}
rElec    +         Reflect  .   a - scarf {rC+ rF+}
rCorr    .         Harm     .   z - +3 pair of gloves "Mecahere" {rElec rC+}
MR       +++++                  Q - +2 pair of boots {run}
Stlth    +.........             M - amulet "Kygusuk" {rElec rC+ MR+ Regen+ Dex+3}
HPRegen  0.00/turn              i - ring of Begocujoe {+Fly rF++ rN+ Int+2 Slay+3}
MPRegen  0.18/turn              m - ring of the Mage {Wiz MR++ Int+3}

@: non-regenerating, quick
A: damage resistance, heal wounds, iridescent scales 1, deterioration 1, low mp
1, negative energy resistance 1, sense surroundings 3, robust 1, weak 1, no
potion heal 2, no regeneration
}: 13/15 runes: barnacled, slimy, silver, iron, obsidian, icy, bone, abyssal,
glowing, magical, fiery, dark, gossamer
a: Heal Wounds, Minor Destruction, Lesser Servant of Makhleb, Major Destruction,
Greater Servant of Makhleb, Renounce Religion, Evoke Flight


You were in Pandemonium.
You worshipped Makhleb.
Makhleb was exalted by your worship.
You were not hungry.

You visited 17 branches of the dungeon, and saw 87 of its levels.
You visited Pandemonium 2 times, and saw 27 of its levels.
You visited the Abyss 7 times.
You also visited: Trove, Bailey, Gauntlet and Ice Cave.

You collected 14038 gold pieces.
You spent 4469 gold pieces at shops.

Inventory:

Hand Weapons
 l - the +6 broad axe of Aleti {venom, Int+8}
   (You found it on level 1 of the Vaults)

   It poisons the flesh of those it strikes.
   It affects your intelligence (+8).
 x - a +8 broad axe of chaos
 E - a +9 broad axe of freezing (weapon)
 S - a +7 broad axe of flaming
Missiles
 P - 15 steel javelins (quivered)
Armour
 a - a scarf of resistance (worn)
 b - the +2 hat of Peek-a-Boo (worn) {Int+7 Stlth-}
   (You acquired it on level 4 of the Vaults)

   It affects your intelligence (+7).
   It makes you less stealthy.
 y - the +0 pair of boots of Dithmenos's Wrath {rPois Str+6}
   (You found it in a treasure trove)

   It affects your strength (+6).
   It protects you from poison.
 z - the +3 pair of gloves "Mecahere" (worn) {rElec rC+}
   (You acquired it in Pandemonium)

   It protects you from cold.
   It insulates you from electricity.
 B - a +10 plate armour (worn)
 O - the +10 large shield of Ignorance (worn) {rN+ Int-4}
   (You took it off a minotaur in a Gauntlet)

   It affects your intelligence (-4).
   It protects you from negative energy.
 Q - a +2 pair of boots of running (worn)
Jewellery
 i - the ring of Begocujoe (left hand) {+Fly rF++ rN+ Int+2 Slay+3}
   (You bought it in a shop on level 1 of the Elven Halls)

   [ring of positive energy]

   It affects your intelligence (+2).
   It affects your accuracy and damage with ranged weapons and melee attacks
   (+3).
   It greatly protects you from fire.
   It protects you from negative energy.
   It lets you fly.
 m - the ring of the Mage (right hand) {Wiz MR++ Int+3}
   (You found it on level 13 of the Dungeon)

   [ring of wizardry]

   It improves your spell success rate.
   It affects your intelligence (+3).
   It affects your resistance to hostile enchantments.
 H - a +5 amulet of reflection
 M - the amulet "Kygusuk" (around neck) {rElec rC+ MR+ Regen+ Dex+3}
   (You bought it in a shop on level 1 of the Elven Halls)

   [amulet of regeneration]

   It affects your dexterity (+3).
   It protects you from cold.
   It insulates you from electricity.
   It affects your resistance to hostile enchantments.
   It increases your rate of regeneration.
Wands
 c - a wand of disintegration (38)
 d - a wand of digging (29)
 t - a wand of paralysis (48)
 D - a wand of acid (5)
 F - a wand of clouds (6)
 G - a wand of polymorph (8)
 U - a wand of iceblast (40)
 Z - a wand of scattershot (10)
Scrolls
 e - 12 scrolls of enchant armour
 j - 9 scrolls of fear
 n - 10 scrolls of blinking
 p - 37 scrolls of teleportation
 r - 10 scrolls of fog
 s - 3 scrolls of magic mapping
 u - 2 scrolls of silence
 v - 36 scrolls of remove curse
 N - 3 scrolls of summoning
 R - 12 scrolls of identify
 T - 3 scrolls of holy word
Potions
 g - 11 potions of heal wounds
 h - 13 potions of haste
 k - 10 potions of brilliance
 o - a potion of might
 q - 17 potions of curing
 w - 6 potions of mutation
 C - 3 potions of resistance
 J - 5 potions of flight
 L - a potion of agility
 W - 8 potions of cancellation
 X - 6 potions of ambrosia
Miscellaneous
 A - 9 phantom mirrors
 I - a phial of floods
 K - a lamp of fire
 V - a fan of gales
 Y - a lightning rod (4/4)
Comestibles
 f - 83 rations


   Skills:
 O Level 27 Fighting
 O Level 27 Axes
 O Level 27 Armour
 - Level 16.0 Stealth
 O Level 27 Shields
 + Level 19.8 Spellcasting
 - Level 8.0 Conjurations
 - Level 10.0 Hexes
 - Level 4.0 Necromancy
 - Level 4.0 Translocations
 - Level 10.0 Transmutations
 - Level 9.0 Air Magic
 + Level 21.5 Earth Magic
 - Level 3.0 Poison Magic
 - Level 16.0 Invocations
 - Level 16.0 Evocations


You had 35 spell levels left.
You knew the following spells:

 Your Spells              Type           Power        Failure   Level  Hunger
a - Animate Skeleton      Necr           N/A          1%          1    None
b - Blink                 Tloc           N/A          1%          2    None
c - Mephitic Cloud        Conj/Pois/Air  #####...     1%          3    None
d - Lee's Rapid Deconstr  Erth           #######...   1%          5    ##.....
s - Slow                  Hex            ######..     1%          2    None
v - Vampiric Draining     Necr           ####......   1%          3    None
A - Apportation           Tloc           ####..       1%          1    None
E - Silence               Hex/Air        ######....   1%          5    ##.....
N - Swiftness             Chrm/Air       ####....     1%          2    None
S - Statue Form           Tmut/Erth      ######...    1%          6    ####...

Your spell library contained the following spells:

 Spells                   Type           Power        Failure   Level  Hunger
 Sandblast                Erth           ######       0%          1    None
 Passwall                 Tmut/Erth      ######..     0%          2    None
 Beastly Appendage        Tmut           ######       1%          1    None
 Confusing Touch          Hex            ######       1%          1    None
 Corona                   Hex            ######.      1%          1    None
 Magic Dart               Conj           ####         1%          1    None
 Pain                     Necr           ####         1%          1    None
 Corpse Rot               Necr           N/A          1%          2    None
 Ensorcelled Hibernation  Hex/Ice        #####.       1%          2    None
 Searing Ray              Conj           #####.       1%          2    None
 Sticks to Snakes         Tmut           ######..     1%          2    None
 Sublimation of Blood     Necr           ####......   1%          2    None
 Throw Frost              Conj/Ice       ####..       1%          2    None
 Confuse                  Hex            ######..     1%          3    None
 Conjure Flame            Conj/Fire      ####....     1%          3    None
 Dazzling Spray           Conj/Hex       ######       1%          3    None
 Gell's Gravitas          Tloc           ####......   1%          3    None
 Ignite Poison            Fire/Tmut/Pois ####....     1%          3    None
 Inner Flame              Hex/Fire       #####...     1%          3    None
 Lesser Beckoning         Tloc           ####......   1%          3    None
 Portal Projectile        Hex/Tloc       #####.       1%          3    None
 Spider Form              Tmut/Pois      #####.....   1%          3    None
 Static Discharge         Conj/Air       #####...     1%          3    None
 Stone Arrow              Conj/Erth      ######       1%          3    None
 Tukima's Dance           Hex            ######..     1%          3    None
 Cause Fear               Hex            ######....   1%          4    None
 Fulminant Prism          Conj/Hex       ######....   1%          4    None
 Iskenderun's Mystic Bla  Conj           #####...     1%          4    None
 Leda's Liquefaction      Hex/Erth       ######....   1%          4    None
 Petrify                  Tmut/Erth      ######..     1%          4    None
 Blade Hands              Tmut           ######....   1%          5    ##.....
 Bolt of Magma            Conj/Fire/Erth ######....   1%          5    ##.....
 Borgnjor's Vile Clutch   Necr/Erth      ######....   1%          5    ##.....
 Yara's Violent Unravell  Hex/Tmut       ######....   1%          5    ##.....
 Iron Shot                Conj/Erth      ######....   1%          6    ####...
 Shroud of Golubria       Chrm/Tloc      ####......   2%          2    None
 Force Lance              Conj/Tloc      #####...     2%          4    None
 Irradiate                Conj/Tmut      ######....   2%          5    ##.....
 Lightning Bolt           Conj/Air       #####.....   2%          5    ##.....
 Freeze                   Ice            ###.         3%          1    None
 Summon Butterflies       Summ           ###.....     3%          1    None
 Summon Small Mammal      Summ           ###.         3%          1    None
 Call Imp                 Summ           ###.....     4%          2    None
 Song of Slaying          Chrm           ###.....     4%          2    None
 Recall                   Summ/Tloc      N/A          4%          3    None
 Ice Form                 Ice/Tmut       #####...     4%          4    None
 Summon Lightning Spire   Summ/Air       ####....     4%          4    None
 Animate Dead             Necr           N/A          6%          4    None
 Sticky Flame             Conj/Fire      ####....     6%          4    None
 Throw Icicle             Conj/Ice       ####....     6%          4    None
 Alistair's Intoxication  Tmut/Pois      #####...     6%          5    ##.....
 Bolt of Draining         Conj/Necr      #####.....   8%          5    ##.....
 Hydra Form               Tmut           ######....   8%          6    ####...
 Venom Bolt               Conj/Pois      #####.....   9%          5    ##.....
 Invisibility             Hex            ######..     9%          6    ####...
 Ozocubu's Armour         Chrm/Ice       ###.....     10%         3    None
 Metabolic Englaciation   Hex/Ice        #####.....   12%         5    ##.....
 Summon Mana Viper        Hex/Summ       #####...     12%         5    ##.....
 Agony                    Necr           ####....     16%         5    ##.....
 Dispel Undead            Necr           ####....     16%         5    ##.....
 Fireball                 Conj/Fire      ####......   16%         5    ##.....
 Iskenderun's Battlesphe  Conj/Chrm      ####....     16%         5    ##.....
 Conjure Ball Lightning   Conj/Air       #####.....   16%         6    ####...
 Summon Ice Beast         Ice/Summ       ###.....     30%         4    None
 Excruciating Wounds      Chrm/Necr      ####......   34%         5    ##.....
 Summon Forest            Summ/Tloc      ####......   34%         5    ##.....
 Dragon Form              Tmut           ######....   38%         7    ######.
 Freezing Cloud           Conj/Ice/Air   #####.....   41%         6    ####...
 Shatter                  Erth           #######...   41%         9    #######
 Deflect Missiles         Chrm/Air       ####......   56%         6    ####...
 Aura of Abjuration       Summ           ###.......   61%         5    ##.....
 Summon Demon             Summ           ###.......   61%         5    ##.....
 Death Channel            Necr           ####......   63%         6    ####...
 Bolt of Cold             Conj/Ice       ####......   65%         6    ####...
 Bolt of Fire             Conj/Fire      ####......   65%         6    ####...
 Orb of Destruction       Conj           #####.....   65%         7    ######.
 Simulacrum               Ice/Necr       ####......   88%         6    ####...
 Discord                  Hex            ######....   96%         8    #######
 Ozocubu's Refrigeration  Ice            ###.......   99%         6    ####...
 Shadow Creatures         Summ           N/A          99%         6    ####...
 Spellforged Servitor     Conj/Summ      ####......   99%         7    ######.
 Malign Gateway           Summ/Tloc      ####......   100%        7    ######.
 Ring of Flames           Chrm/Fire      ###.......   100%        7    ######.
 Ignition                 Fire           ###.......   100%        8    #######
 Tornado                  Air            ######....   100%        9    #######
 Regeneration             Chrm/Necr      Unusable     N/A         3    N/A

Dungeon Overview and Level Annotations

Branches:
Dungeon (15/15)            Temple (1/1) D:4            Lair (6/6) D:8
 Shoals (4/4) Lair:4       Spider (4/4) Lair:4        Slime (5/5) Lair:6
    Orc (2/2) D:10            Elf (3/3) Orc:2        Vaults (5/5) D:14
  Crypt (3/3) Vaults:3       Tomb (0/3) Crypt:3      Depths (5/5) D:15
   Hell (1/1)                 Dis (7/7) Hell            Geh (7/7) Hell
    Coc (7/7) Hell            Tar (7/7) Hell            Zot (5/5) Depths:5

Altars:
Cheibriados
Dithmenos
Elyvilon
Fedhas
Gozag
Hepliaklqana
Kikubaaqudgha
Makhleb
Okawaru
Qazlal
Ru
Sif Muna
Trog
Uskayaw
Vehumet
Wu Jian
Xom
Yredelemnul
Zin
The Shining One
Beogh
Jiyva

Shops:
D:4 !   D:9 *   D:10 %   D:12 [   D:14 }!   Orc:1 =::}(   Orc:2 *(*!
Elf:1 }==   Vaults:1 *   Depths:1 [

Portals:
Hell: Depths:1 Depths:2 Depths:3 Depths:4 Depths:5
Abyss: Depths:2 Depths:3 Depths:4
Pandemonium: Depths:3 Depths:5
Ziggurat: Depths:5


Innate Abilities, Weirdness & Mutations

You are resistant to damage.
You can heal yourself by infusing magical energy.
You resist negative energy. (rN+)
You passively map a large area around you.
You do not regenerate.
You are partially covered in iridescent scales. (AC +2)
Your body sometimes deteriorates upon taking damage.
Your magical capacity is low. (-10% MP)
You are robust. (+10% HP)
You are weak. (Str -2)
Potions are poor at restoring your health.


Message History

You block the Brimstone Fiend's attack.
You slash the Brimstone Fiend! You freeze the Brimstone Fiend.
The Brimstone Fiend is severely wounded.
You block the Brimstone Fiend's attack. x3
You barely miss the Brimstone Fiend.
The Brimstone Fiend is severely wounded.
The Brimstone Fiend calls on the powers of darkness!
Your body is wracked with pain!
* * * LOW HITPOINT WARNING * * *
You feel much better. The Brimstone Fiend gestures at you.
The sphere of damnation explodes!
The damnation engulfs you!!!
* * * LOW HITPOINT WARNING * * *
The damnation engulfs the Brimstone Fiend.
The Brimstone Fiend completely resists.
You slash the Brimstone Fiend! You freeze the Brimstone Fiend!
The Brimstone Fiend is almost dead.
The Brimstone Fiend gestures at you.
The sphere of damnation explodes!
The damnation engulfs you!!
You die...

#####,... ..#* * , , , ..... ..,
, ,#.# ,' ,,,, ..... ** ##.# ,*
, , * ..... ..# * ,, , ####..
**#######.# , , ,, ......#
........# * ....... .∩..1.#.# ,
,, * ......##########.# , *
................@# ,
......##########1##### ####
......#........#.#...#######...#
...............(.......#.......#
......#...#.....#......#.......#
......#...#.....#......#.......#
......#...#.....#......#.......#
......#...#.....#......'.......#
......#...#.....+......#.......#


You could see a Brimstone Fiend.

Vanquished Creatures
  Cerebov (Pan)
  Antaeus (Coc:7)
  Asmodeus (Geh:7)
  the Royal Jelly (Slime:5)
  Ereshkigal (Tar:7)
  Mnoleg (Pan)
  Gloorx Vloq (Pan)
  the Serpent of Hell (Geh:7)
  Dispater (Dis:7)
  Lom Lobon (Pan)
  3 orbs of fire (Zot:5)
  13 ancient liches
  A greater mummy (Crypt:3)
  Boris (Depths:5)
  Frederick (Depths:4)
  5 pandemonium lords (Pan)
  5 shard shrikes (Coc:7)
  2 Killer Klowns (Zot:5)
  Saint Roka (Orc:2)
  Xtahua (Crypt:1)
  7 golden dragons
  Geryon (Hell)
  A profane servitor (Abyss:1)
  16 bone dragons
  Arachne (Spider:3)
  15 Tzitzimimeh
  5 electric golems
  19 Brimstone Fiends
  6 iron giants (Dis:7)
  8 doom hounds
  A hellephant (Abyss:1)
  Jorgrun (D:13)
  14 tentacled monstrosities
  30 Ice Fiends
  9 Hell Sentinels
  25 Orb Guardians (Zot:5)
  6 deep elf blademasters
  19 quicksilver dragons
  9 liches
  24 acid blobs
  An acid blob (shapeshifter) (Vaults:5)
  8 titans
  19 tentacled starspawn
  25 Executioners
  A kraken (Shoals:2)
  9 death cobs
  8 sphinxes
  10 ancient champions
  23 shadow dragons
  Frances (Elf:1)
  A thorn hunter (Abyss:3)
  8 tengu reavers
  5 eldritch tentacles
  2 draconian monks
  3 warmongers (Pan)
  6 revenants
  Roxanne (Elf:1)
  14 storm dragons
  8 azure jellies
  A daeva (Depths:3)
  10 fire giants
  12 frost giants
  38 balrugs
  8 iron dragons
  10 deep elf sorcerers
  An orc warlord (Vaults:5)
  20 vault wardens
  8 ghost moths
  7 draconian knights
  2 draconian shifters
  7 curse skulls
  2 draconian scorchers
  5 emperor scorpions
  18 cacodemons
  A spriggan defender (Depths:2)
  10 draconian annihilators
  8 deep elf elementalists
  57 reapers
  2 ghouls (Crypt:3)
  21 war gargoyles
  14 ironheart preservers
  2 elemental wellsprings (Coc:7)
  3 angels
  11 green draconians
  4 draconian stormcallers
  The ghost of Tommers the Spry, a journeyman DECj of Gozag (Elf:2)
  35 very ugly things
  33 stone giants
  5 corrupters (Pan)
  5 entropy weavers
  10 vampire knights
  4 black suns (Pan)
  3 blood saints (Pan)
  10 lorocyprocas
  5 deep elf demonologists
  6 yellow draconians
  11 red draconians
  Azrael (D:13)
  Nessos (D:14)
  A minotaur (Gauntlet)
  11 white draconians
  11 purple draconians
  7 spark wasps
  2 black draconians (Zot:4)
  23 blizzard demons
  5 dire elephants (Lair:6)
  5 eidola
  16 deep elf annihilators
  The ghost of Sassenached the Carver, a journeyman DsGl of Makhleb (Lair:1)
  19 ettins
  A merfolk javelineer (Shoals:3)
  A mummy priest (Crypt:3)
  16 fire dragons
  7 merfolk impalers
  6 quicksilver dragon zombies
  9 green deaths
  17 death oozes
  16 yaktaur captains
  8 deep elf death magi
  15 jiangshi
  Josephine (D:13)
  10 deep elf high priests
  A kraken zombie (Coc:7)
  8 great orbs of eyes
  27 vault guards
  27 ice dragons
  3 quicksilver dragon skeletons
  A naga warrior (Abyss:3)
  17 rakshasas
  4 spriggan air magi
  9 hydras
  2 catoblepae
  2 merfolk avatars
  A shambling mangrove (Abyss:3)
  An anaconda (Lair:6)
  6 monstrous demonspawn
  54 two-headed ogres
  The ghost of PeSeC the Fighter, a novice MiFi of Okawaru (D:9)
  6 death yaks (Lair:5)
  6 death knights
  15 centaur warriors
  2 merfolk aquamancers
  6 satyrs
  17 deep troll shamans
  23 hell hogs
  15 ogre magi
  17 deep troll earth magi
  8 titan zombies
  4 tengu warriors
  36 dancing weapons
  3 spriggan berserkers
  3 shock serpents (Pan)
  4 orc high priests (Orc:2)
  10 vampire magi
  6 holy swine (Pan)
  17 thrashing horrors
  12 deep elf knights
  Sonja (Lair:6)
  A storm dragon zombie (Geh:4)
  31 sun demons
  35 hell knights
  24 soul eaters
  15 shadow wraiths
  9 titan skeletons
  16 iron trolls
  6 wretched stars
  7 iron golems
  A fire crab (Abyss:3)
  7 spatial maelstroms
  45 small abominations
  4 golden dragon zombies
  25 sixfirhies
  A death drake (Tar:2)
  A sea snake (shapeshifter) (Vaults:5)
  4 storm dragon skeletons
  108 skeletal warriors
  3 gelid demonspawn (Pan)
  8 unseen horrors
  18 anaconda zombies
  4 ghost moth zombies
  6 infernal demonspawn
  5 torturous demonspawn (Pan)
  An orange crystal statue (Zot:5)
  26 flayed ghosts
  2 cherubim (D:15)
  15 ironbrand convokers
  4 glowing orange brains
  17 shadow demons
  A kraken simulacrum (Coc:4)
  A lindwurm (Lair:5)
  15 sea snakes
  9 anaconda skeletons
  31 deep trolls
  21 orc knights
  7 wizards
  5 wolf spider zombies
  23 phantasmal warriors
  6 shadow dragon zombies
  22 harpies
  12 deep elf archers
  12 orb spiders
  15 necromancers
  6 shadow dragon skeletons
  3 oklob plants
  32 wolf spiders
  Pikel (D:5)
  An iron dragon zombie (Geh:7)
  8 frost giant zombies
  3 golden dragon skeletons
  59 deep elf magi
  2 mana vipers (shapeshifter)
  13 fauns
  8 orc sorcerers
  12 manticores
  A shining eye (shapeshifter) (Depths:1)
  2 sphinx skeletons (Vaults:4)
  39 ugly things
  16 cyclopes
  4 shining eyes
  8 fire giant zombies
  7 worldbinders
  4 fire giant skeletons
  4 stone giant zombies
  2 black mambas (Lair:4)
  A moth of wrath (shapeshifter) (Vaults:2)
  7 iron dragon skeletons
  A salamander (shapeshifter) (Vaults:2)
  23 moths of wrath
  Joseph (D:7)
  10 merfolk sirens
  3 shock serpent zombies
  An elf zombie (Vaults:5)
  36 rust devils
  7 frost giant skeletons
  2 apocalypse crabs (Abyss:1)
  8 molten gargoyles (Geh:7)
  5 dire elephant zombies
  15 elephants
  4 stone giant skeletons
  2 guardian serpents
  2 ice statues
  4 torpor snails
  30 orange demons
  6 water nymphs
  3 gargoyles
  3 dire elephant skeletons
  2 eyes of devastation
  68 smoke demons
  A shock serpent skeleton (Crypt:3)
  7 spiny frogs
  12 vault sentinels
  A komodo dragon (shapeshifter) (Vaults:4)
  36 hellions
  2 centaur skeletons
  2 catoblepas zombies
  33 freezing wraiths
  2 emperor scorpion zombies
  34 tormentors
  23 demonic crawlers
  4 anaconda simulacra
  24 guardian mummies (Crypt:3)
  70 yaktaurs
  A grey draconian skeleton (Crypt:2)
  2 rime drakes (Lair:6)
  6 komodo dragons
  36 ice devils
  10 efreet
  2 purple draconian skeletons
  5 harpy zombies
  13 ancient zymes
  3 golden dragon simulacra
  33 hellwings
  18 hydra zombies
  A polar bear (Lair:2)
  42 red devils
  29 jumping spiders
  2 catoblepas skeletons
  A tengu conjurer (Depths:2)
  15 trolls
  A wolf spider simulacrum (Crypt:1)
  6 wind drakes
  Grinder (D:5)
  9 hydra skeletons
  12 hornets
  A death drake zombie (Crypt:3)
  3 harpy skeletons
  16 tyrant leeches
  4 alligator zombies
  16 merfolk
  6 bog bodies (Crypt:3)
  10 snapping turtles
  Prince Ribbit (D:5)
  45 raiju
  9 ettin zombies
  16 dream sheep
  A guardian serpent zombie (Crypt:1)
  61 slime creatures
  A hippogriff (shapeshifter) (Depths:2)
  8 fire dragon zombies
  5 ice dragon zombies
  6 hippogriffs
  A frost giant simulacrum (Vaults:4)
  A stone giant simulacrum (Vaults:5)
  110 flying skulls
  7 centaur simulacra
  3 ice dragon skeletons
  2 air elementals (Elf:2)
  2 black mamba zombies (Geh:7)
  56 starcursed masses
  2 ettin skeletons
  73 redbacks
  3 wyverns
  3 fire dragon skeletons
  42 shadows
  A tarantella (shapeshifter) (Vaults:1)
  32 ynoxinuls
  4 alligator skeletons
  3 spriggans (Lair:1)
  25 water elementals
  Sigmund (D:2)
  A vampire (D:9)
  27 tarantellas
  A wyvern (shapeshifter) (Vaults:4)
  3 dire elephant simulacra (IceCv)
  37 wraiths
  7 ushabtiu (Crypt:3)
  20 fire elementals
  3 basilisks
  6 black mamba skeletons
  4 hogs (D:7)
  48 yaks
  A hog (shapeshifter) (Depths:5)
  3 fire bats (Abyss:1)
  A golden eye (shapeshifter) (Depths:5)
  5 golden eyes
  A human (D:7)
  10 vampire mosquitoes
  8 hungry ghosts
  A steam dragon (D:9)
  22 neqoxecs
  Menkaure (D:5)
  16 chaos spawn
  3 iron troll simulacra (IceCv)
  A human simulacrum (Vaults:5)
  52 large abominations
  3 nagas (Abyss:3)
  7 spatial vortices
  A swamp worm (shapeshifter) (Vaults:5)
  4 harpy simulacra (IceCv)
  4 swamp worms (Spider:2)
  14 insubstantial wisps
  7 wargs
  4 acid dragons
  13 spiny frog zombies
  A soldier ant (D:12)
  A water moccasin (shapeshifter) (D:13)
  5 floating eyes (Pan)
  70 hell hounds
  12 water moccasins
  55 orc warriors
  6 hydra simulacra
  7 porcupines
  3 snapping turtle zombies
  4 alligator simulacra
  7 sky beasts
  A human zombie (Vaults:4)
  15 ice beasts
  An ice beast (shapeshifter) (D:9)
  2 slaves (D:5)
  An ettin simulacrum (IceCv)
  4 eyes of draining
  2 fire dragon simulacra
  23 necrophages
  9 phantoms
  A manticore zombie (Coc:4)
  2 swamp dragon zombies
  7 spiny frog skeletons
  9 boggarts
  5 wolves
  12 centaurs
  8 snapping turtle skeletons
  An elf skeleton (Vaults:5)
  7 crocodiles
  2 human skeletons
  38 ogres
  2 swamp dragon skeletons
  5 manticore skeletons
  Blork the orc (D:5)
  A draconian zombie (Crypt:2)
  A big kobold (D:13)
  8 earth elementals
  11 bullfrogs
  10 gnoll sergeants
  A wyvern zombie (D:9)
  A wyvern skeleton (D:13)
  A warg zombie (Crypt:1)
  3 scorpions
  A troll zombie (Dis:7)
  2 swamp dragon simulacra
  15 killer bees
  A polar bear skeleton (Crypt:1)
  98 wights
  A spriggan skeleton (Geh:4)
  The ghost of weresquid the Caller, a weakling DsSu of Xom (D:3)
  3 howler monkeys (D:7)
  5 electric eels
  26 crimson imps
  3 bullfrog zombies
  5 centaur zombies
  A basilisk zombie (Crypt:3)
  6 quasits
  A draconian simulacrum (IceCv)
  39 orc priests
  6 gnoll shamans (Bailey)
  10 hounds
  15 jellies
  23 orc wizards
  36 iron imps
  4 bullfrog skeletons
  7 iguanas
  Ijyb (D:4)
  Terence (D:3)
  2 demonspawn skeletons
  4 hell rats (Hell)
  12 worker ants
  A spriggan simulacrum (IceCv)
  3 troll simulacra (IceCv)
  A killer bee zombie (Crypt:2)
  A wolf simulacrum (IceCv)
  A tengu zombie (Dis:4)
  2 naga zombies
  2 demigod skeletons (Crypt:2)
  A deep dwarf skeleton (Crypt:3)
  A naga skeleton (Crypt:1)
  A tengu skeleton (Coc:5)
  A hound zombie (D:9)
  3 hound skeletons
  20 mummies
  3 worker ant zombies
  23 gnolls
  15 adders
  4 naga simulacra (IceCv)
  14 shadow imps
  A steam dragon skeleton (Crypt:3)
  21 white imps
  2 oozes
  15 ufetubi
  2 adder zombies
  An adder skeleton (D:9)
  An iguana skeleton (Crypt:3)
  2 worms
  13 ball lightnings (Pan)
  A dart slug (D:4)
  4 leopard geckos
  152 orcs
  10 bats
  10 giant cockroaches
  11 goblins
  6 hobgoblins
  18 jackals
  14 kobolds
  A quokka (D:9)
  5 ball pythons
  4 frilled lizards
  A frilled lizard zombie (Crypt:2)
  A gnoll skeleton (Crypt:2)
  A leopard gecko skeleton (D:5)
  6 rats
  3 briar patches (Abyss:3)
  A bush (Lair:4)
  4 crawling corpses (Elf:3)
  2 fire vortices (Pan)
  4 fungi
  7 plants
  20 starspawn tentacles
  A tentacle (Coc:7)
5071 creatures vanquished.

Vanquished Creatures (collateral kills)
  3 mummy priests (Crypt:3)
  2 shining eyes
  3 guardian mummies (Crypt:3)
  3 slime creatures (Slime:5)
  A golden eye (Slime:5)
  An eye of draining (Slime:4)
13 creatures vanquished.

Vanquished Creatures (others)
  A Tzitzimitl (Tar:7)
  An eldritch tentacle (Pan)
  A tengu reaver (Vaults:5)
  2 elemental wellsprings (Coc:7)
  A purple draconian (Zot:1)
  A deep elf annihilator (Pan)
  A deep elf death mage (Crypt:3)
  2 satyrs
  2 shadow demons (Tar:1)
  A deep elf archer (Elf:1)
  A deep elf mage (Elf:1)
  2 cyclopes (D:15)
  A yaktaur (Vaults:1)
  A shadow (Geh:3)
  2 wraiths
  A redback (Spider:4)
  An ushabti (Crypt:3)
  A spiny frog zombie (Hell)
  2 centaurs
  2 boggarts
  2 iron imps (Dis:7)
  7 ball lightnings (Pan)
  2 orcs
  A block of ice (Pan)
  4 briar patches (Abyss:3)
  A bush (Abyss:1)
  A fire vortex (Pan)
  11 fungi
  2 lurking horrors
  21 plants
  39 starspawn tentacles
  41 tentacles
159 creatures vanquished.

Grand Total: 5243 creatures vanquished

Notes
Turn   | Place    | Note
-------+----------+-------------------------------------------
     0 | D:1      | Hylith the Deep Dwarf Fighter began the quest for the Orb.
     0 | D:1      | Reached XP level 1. HP: 20/20 MP: 1/1
   138 | D:1      | Reached XP level 2. HP: 20/27 MP: 2/2
   669 | D:1      | Reached XP level 3. HP: 15/34 MP: 3/3
  1162 | D:2      | Reached XP level 4. HP: 32/42 MP: 4/4
  1486 | D:2      | Noticed Sigmund
  1518 | D:2      | Killed Sigmund
  1518 | D:2      | Reached XP level 5. HP: 25/50 MP: 5/5
  1901 | D:3      | Reached XP level 6. HP: 24/57 MP: 6/6
  1965 | D:3      | Noticed Terence
  1982 | D:3      | Killed Terence
  2000 | D:3      | Found a transporter.
  2053 | D:3      | Found a transporter.
  2053 | D:3      | Noticed weresquid's ghost (weakling DsSu)
  2054 | D:3      | Identified the +7 dire flail of Descent {venom, *Noise
                  | rPois MR++ Int+3}
  2311 | D:4      | Found Geis's Distillery.
  2319 | D:4      | Reached skill level 5 in Shields
  2397 | D:4      | Reached skill level 5 in Armour
  2465 | D:4      | Noticed Ijyb
  2488 | D:4      | Killed Ijyb
  2790 | D:4      | Reached XP level 7. HP: 24/64 MP: 6/6
  2817 | D:4      | Found a staircase to the Ecumenical Temple.
  2823 | Temple   | Entered the Ecumenical Temple
  2867 | Temple   | Became a worshipper of Makhleb the Destroyer
  3187 | D:5      | Entered Level 5 of the Dungeon
  3221 | D:5      | Noticed Prince Ribbit
  3276 | D:5      | Killed Prince Ribbit
  3276 | D:5      | Reached skill level 5 in Axes
  3299 | D:5      | Noticed Menkaure
  3299 | D:5      | Noticed Pikel
  3334 | D:5      | Reached skill level 5 in Fighting
  3334 | D:5      | Reached XP level 8. HP: 41/74 MP: 5/5
  3682 | D:5      | Killed Pikel
  3682 | D:5      | Reached * piety under Makhleb
  3726 | D:5      | Noticed Grinder
  3752 | D:5      | Killed Grinder
  3789 | D:5      | Killed Menkaure
  3789 | D:5      | Gained mutation: You passively map the area around you.
                  | [Deep Dwarf growth]
  3789 | D:5      | Reached XP level 9. HP: 58/82 MP: 4/4
  3843 | D:5      | Noticed Blork the orc
  3852 | D:5      | Killed Blork the orc
  4102 | D:6      | Found an iron altar of Okawaru.
  4307 | D:6      | Found a hazy altar of Hepliaklqana.
  4457 | D:6      | Noticed a red ugly thing
  4472 | D:6      | Killed a red ugly thing
  4836 | D:7      | Reached skill level 1 in Invocations
  4836 | D:7      | Reached skill level 1 in Evocations
  4976 | D:7      | Noticed Joseph
  5000 | D:7      | Killed Joseph
  5105 | D:7      | Reached XP level 10. HP: 84/94 MP: 6/6
  5162 | D:7      | Reached ** piety under Makhleb
  5450 | D:8      | Found a sacrificial altar of Ru.
  5465 | D:8      | Found a staircase to the Lair.
  5519 | D:8      | Learned a level 1 spell: Animate Skeleton
  5784 | D:8      | Noticed a two-headed ogre
  5792 | D:8      | Killed a two-headed ogre
  6068 | D:9      | Found Widgh's Assorted Antiques.
  6239 | D:9      | Found a flagged portal.
  6264 | Bailey   | Entered a bailey
  6305 | Bailey   | Reached skill level 5 in Invocations
  6345 | Bailey   | Reached *** piety under Makhleb
  6349 | Bailey   | Reached skill level 5 in Evocations
  6705 | D:9      | Reached XP level 11. HP: 103/103 MP: 10/10
  6834 | D:9      | Reached **** piety under Makhleb
  6867 | D:9      | Noticed a two-headed ogre
  6876 | D:9      | Killed a two-headed ogre
  6888 | D:9      | Found an ornate altar of the Wu Jian Council.
  7243 | D:9      | Found a runed translucent gate.
  7243 | D:9      | Found a runed translucent gate.
  7243 | D:9      | Found a runed translucent gate.
  7244 | D:9      | Noticed an 11-headed hydra
  7244 | D:9      | Noticed PeSeC's ghost (novice MiFi)
  7245 | D:9      | Noticed an 11-headed hydra
  7262 | D:10     | Entered Level 10 of the Dungeon
  7279 | D:10     | Reached skill level 10 in Shields
  7303 | D:10     | Reached skill level 10 in Armour
  7337 | D:10     | Found Eggaffel's Food Boutique.
  7520 | D:10     | Found a staircase to the Orcish Mines.
  7531 | D:10     | Found a roughly hewn altar of Beogh.
  7748 | D:10     | Reached ***** piety under Makhleb
  7911 | Lair:1   | Entered Level 1 of the Lair of Beasts
  8058 | Lair:1   | Found a runed translucent door.
  8060 | Lair:1   | Noticed Sassenached's ghost (journeyman DsGl)
  8061 | Lair:1   | Noticed a spriggan rider
  8061 | Lair:1   | Identified the +1 trident of Indomitability {holy, *Corrode
                  | rC+ Int+10}
  8312 | Lair:1   | Reached skill level 10 in Axes
  9192 | Lair:2   | Noticed a catoblepas
  9193 | Lair:2   | Noticed a seven-headed hydra
  9407 | Lair:2   | Found a gate leading to a gauntlet.
  9411 | Gauntlet | Entered a Gauntlet
  9411 | Gauntlet | Found a transporter.
  9419 | Gauntlet | Found a transporter.
  9427 | Gauntlet | Found a transporter.
  9429 | Gauntlet | Found a transporter.
  9452 | Gauntlet | Found a transporter.
  9454 | Gauntlet | Found a transporter.
  9464 | Gauntlet | Found a transporter.
  9466 | Gauntlet | Found a transporter.
  9469 | Gauntlet | Noticed a purple ugly thing
  9470 | Gauntlet | Found a runed translucent door.
  9470 | Gauntlet | Noticed a glowing orange brain
  9470 | Gauntlet | Noticed a green ugly thing
  9471 | Gauntlet | Noticed a glowing orange brain
  9472 | Gauntlet | Found a runed translucent door.
  9475 | Gauntlet | Found a transporter.
  9490 | Gauntlet | Noticed an orange crystal statue
  9491 | Gauntlet | Found a transporter.
  9501 | Gauntlet | Found a transporter.
  9513 | Gauntlet | Found a transporter.
  9519 | Gauntlet | Noticed a sixfirhy
  9525 | Gauntlet | Noticed a sixfirhy
  9525 | Gauntlet | Noticed a sixfirhy
  9586 | Gauntlet | Got a glittering turquoise ring
  9624 | Gauntlet | Reached XP level 12. HP: 114/114 MP: 11/11
  9635 | Gauntlet | Found a transporter.
  9638 | Gauntlet | Identified the ring "Zecoid" {rF+ Int+4 Dex+4} (You found
                  | it in a Gauntlet)
  9694 | Gauntlet | Got a pair of jewelled gloves
  9700 | Gauntlet | Identified the +0 pair of gloves "Earthly Heaven" {rC+
                  | Stlth+} (You found it in a Gauntlet)
  9711 | Gauntlet | Identified the +9 long sword of Wiotha {antimagic, Int+6
                  | Stlth-}
  9711 | Gauntlet | Noticed a minotaur
  9718 | Gauntlet | Killed a minotaur
  9763 | Gauntlet | Got a steaming flail
  9858 | Gauntlet | Identified the +11 flail of the Weasel {elec, rPois Int+5}
                  | (You found it in a Gauntlet)
  9979 | Lair:2   | Killed a catoblepas
 10203 | Lair:2   | Noticed a six-headed hydra
 10210 | Lair:2   | Killed a six-headed hydra
 10422 | Lair:2   | Killed a seven-headed hydra
 10543 | Lair:3   | Reached skill level 10 in Fighting
 11398 | Lair:4   | Reached XP level 13. HP: 121/123 MP: 12/12
 11613 | Lair:4   | Found a hole to the Spider Nest.
 12066 | Lair:4   | Found a staircase to the Shoals.
 13071 | Lair:6   | Entered Level 6 of the Lair of Beasts
 13083 | Lair:6   | Found a shimmering altar of Xom.
 13181 | Lair:6   | Reached ****** piety under Makhleb
 13193 | Lair:6   | Found a staircase to the Slime Pits.
 13492 | Lair:6   | Noticed Sonja
 13502 | Lair:6   | Killed Sonja
 14206 | Lair:6   | Noticed a dire elephant
 14229 | Lair:6   | Killed a dire elephant
 14229 | Lair:6   | Gained mutation: You resist negative energy. (rN+) [Deep
                  | Dwarf growth]
 14229 | Lair:6   | Reached XP level 14. HP: 108/135 MP: 13/13
 14544 | Orc:1    | Entered Level 1 of the Orcish Mines
 14544 | Orc:1    | Found Irokk's Antique Weapon Boutique.
 14544 | Orc:1    | Found Archayso's Book Shop.
 14545 | Orc:1    | Found Cehu's Gadget Shoppe.
 14598 | Orc:1    | Bought a manual of Fighting for 1104 gold pieces
 14602 | Orc:1    | Found Roudaagg's Jewellery Shop.
 14741 | Orc:1    | Found Ityneo's Book Boutique.
 14880 | Orc:1    | Identified 3 scrolls of acquirement
 15040 | Orc:2    | Entered Level 2 of the Orcish Mines
 15053 | Orc:2    | Got a pair of steaming gloves
 15064 | Orc:2    | Identified the -4 pair of gloves of Duck's Teeth {-Cast
                  | Dex+4} (You acquired it on level 2 of the Orcish Mines)
 15475 | Orc:2    | Found a staircase to the Elven Halls.
 15946 | Orc:2    | Found a roughly hewn altar of Beogh.
 15982 | Orc:2    | Paralysed by an orc sorcerer for 4 turns
 16089 | Orc:2    | Found Xiokk's Distillery.
 16099 | Orc:2    | Found Potzike's Assorted Antiques.
 16296 | Orc:2    | Noticed Saint Roka
 16297 | Orc:2    | Found a roughly hewn altar of Beogh.
 16370 | Orc:2    | Killed Saint Roka
 16473 | Orc:2    | Found Lioc's General Store.
 16578 | Orc:2    | Found Rurhe's Weapon Shoppe.
 17255 | D:11     | Found a glowing silver altar of Zin.
 17608 | D:11     | Identified the amulet "Doeshel" {Faith MP+9 Int+2 Dex-2}
 18238 | D:12     | Found Loxessusm's Armour Shop.
 18534 | D:12     | Reached XP level 15. HP: 146/146 MP: 15/15
 18778 | D:13     | Noticed Azrael
 18788 | D:13     | Killed Azrael
 18801 | D:13     | Noticed Josephine
 18813 | D:13     | Killed Josephine
 18902 | D:13     | Found a shimmering altar of Xom.
 18903 | D:13     | Found the +7 mace of Variability {chain chaos}
 19158 | D:13     | Noticed Jorgrun
 19175 | D:13     | Killed Jorgrun
 19350 | D:13     | Noticed a sphinx
 19353 | D:13     | Noticed a frost giant
 19355 | D:13     | Noticed a tengu reaver
 19369 | D:13     | Killed a sphinx
 19386 | D:13     | Killed a frost giant
 19387 | D:13     | Killed a tengu reaver
 19387 | D:13     | Reached skill level 15 in Shields
 19849 | D:13     | Got a dazzling plate armour
 19860 | D:13     | Identified the +10 plate armour of the Thoughtful Planets
                  | {*Corrode rElec MP+9 Int+7 Slay-6} (You found it on level
                  | 13 of the Dungeon)
 20139 | D:14     | Found a gate to the Vaults.
 20195 | D:14     | Noticed Nessos
 20226 | D:14     | Killed Nessos
 20238 | D:14     | Found Ugroma Fehy's Distillery.
 20634 | D:14     | Found Gollame's Gadget Shop.
 20645 | D:14     | Reached skill level 15 in Axes
 21247 | D:15     | Entered Level 15 of the Dungeon
 21291 | D:15     | Found a blossoming altar of Fedhas.
 21328 | D:15     | Reached XP level 16. HP: 160/160 MP: 15/15
 21503 | D:15     | Found a staircase to the Depths.
 21795 | D:15     | Found a portal to a secret trove of treasure.
 22132 | Spider:1 | Entered Level 1 of the Spider Nest
 22132 | Spider:1 | Found a frozen archway.
 22138 | IceCv    | Entered an ice cave
 22196 | IceCv    | Reached skill level 15 in Fighting
 24624 | Spider:3 | Noticed Arachne
 24642 | Spider:3 | Killed Arachne
 25171 | Spider:3 | Reached skill level 15 in Armour
 25443 | Spider:4 | Entered Level 4 of the Spider Nest
 25463 | Spider:4 | Reached XP level 17. HP: 172/172 MP: 0/16
 26069 | Spider:4 | Got a gossamer rune of Zot
 26618 | Shoals:1 | Entered Level 1 of the Shoals
 27424 | Shoals:2 | Noticed a kraken
 27455 | Shoals:2 | Killed a kraken
 27861 | Shoals:3 | Gained mutation: You passively map a large area around you.
                  | [Deep Dwarf growth]
 27861 | Shoals:3 | Reached XP level 18. HP: 183/183 MP: 17/17
 28110 | Shoals:3 | Identified the +1 rapier of Kideiplu {pierce, Str+2} (You
                  | found it on level 3 of the Shoals)
 29264 | Shoals:4 | Entered Level 4 of the Shoals
 29684 | Shoals:4 | Got a barnacled rune of Zot
 29766 | Shoals:4 | Identified the ring "Yplung" {Fire *Slow rElec Dex+4 SInv}
                  | (You found it on level 4 of the Shoals)
 30571 | Elf:1    | Entered Level 1 of the Elven Halls
 30737 | Elf:1    | Noticed Frances
 30748 | Elf:1    | Killed Frances
 31295 | Elf:1    | Found Reop's Jewellery Boutique.
 31296 | Elf:1    | Found Qonyur's Gadget Emporium.
 31297 | Elf:1    | Found Pudiam's Jewellery Boutique.
 31303 | Elf:1    | Bought the ring of Begocujoe {+Fly rF++ rN+ Int+2 Slay+3}
                  | for 1077 gold pieces
 31303 | Elf:1    | Bought the amulet "Kygusuk" {rElec rC+ MR+ Regen+ Dex+3}
                  | for 1069 gold pieces
 31347 | Elf:1    | Noticed Roxanne
 31362 | Elf:1    | Killed Roxanne
 31595 | Elf:2    | Found a radiant altar of Vehumet.
 31636 | Elf:2    | Reached XP level 19. HP: 193/193 MP: 18/18
 31682 | Elf:2    | Found a runed translucent door.
 31786 | Elf:2    | Found a huge runed translucent gate.
 31786 | Elf:2    | Found a huge runed translucent gate.
 31786 | Elf:2    | Found a huge runed translucent gate.
 31786 | Elf:2    | Found a huge runed translucent gate.
 31786 | Elf:2    | Found a huge runed translucent gate.
 31943 | Elf:2    | Noticed Tommers's ghost (journeyman DECj)
 31944 | Elf:2    | Found the +8 storm bow {elec}
 32680 | Vaults:1 | Entered Level 1 of the Vaults
 33109 | Vaults:1 | Got an ivory broad axe
 33115 | Vaults:1 | Identified the +6 broad axe of Aleti {venom, Int+8} (You
                  | found it on level 1 of the Vaults)
 33524 | Vaults:1 | Found Utovell's General Store.
 33826 | D:14     | Bought 2 potions of curing for 66 gold pieces
 33862 | D:15     | You paid a toll of 17 potions of curing to enter a treasure
                  | trove
 33863 | Trove    | Entered a treasure trove
 33867 | Trove    | Found the +0 Maxwell's etheric cage {RegenMP+ *Contam rElec
                  | MP+4}
 33889 | Trove    | Identified the +0 pair of boots of Dithmenos's Wrath {rPois
                  | Str+6} (You found it in a treasure trove)
 33912 | Trove    | Identified the +0 pair of boots of Byofojef {Int+6} (You
                  | found it in a treasure trove)
 33915 | Trove    | Identified the +2 hat "Saihed" {+Inv rN++ Str+4 Int-3} (You
                  | found it in a treasure trove)
 33917 | Trove    | Identified a +2 pair of boots of running (You found it in a
                  | treasure trove)
 33941 | Trove    | Identified the +1 chain mail of the Soldier {rPois Int+3
                  | Dex+3 SInv} (You found it in a treasure trove)
 33966 | Trove    | Identified the +2 shield of Fuafym {*Slow rPois rF- Int+6}
                  | (You found it in a treasure trove)
 33969 | Trove    | Identified the +0 scale mail "Vuid" {+Inv rF+++ rCorr
                  | Int-4} (You found it in a treasure trove)
 34367 | Vaults:2 | Reached XP level 20. HP: 206/206 MP: 19/19
 35910 | Vaults:3 | Found the +15 Maxwell's patent armour {-Cast -Tele rElec
                  | MR+ rCorr}
 35963 | Vaults:3 | Found a staircase to the Crypt.
 36987 | Vaults:4 | Reached XP level 21. HP: 214/214 MP: 20/20
 37006 | Vaults:4 | Got a heavily runed hat
 37012 | Vaults:4 | Identified the +2 hat of Peek-a-Boo {Int+7 Stlth-} (You
                  | acquired it on level 4 of the Vaults)
 37713 | D:14     | Learned a level 1 spell: Apportation
 37845 | D:13     | Found the ring of the Mage {Wiz MR++ Int+3}
 38160 | D:13     | Reached skill level 1 in Necromancy
 38436 | Elf:3    | Entered Level 3 of the Elven Halls
 38462 | Elf:3    | Reached skill level 1 in Spellcasting
 38498 | Elf:3    | Reached skill level 1 in Translocations
 38594 | Elf:3    | Gained mutation: You are dopey. (Int -2) [a cacodemon]
 39283 | Elf:3    | Identified the amulet "Genis" {Harm *Drain rElec rC+
                  | Stlth+}
 39284 | Elf:3    | Found the +8 demon blade "Leech" {vamp, rN+ AC-3 EV-3}
 39370 | Elf:3    | Identified the ring of Conversion {+Fly Dex+2 Stlth+} (You
                  | found it on level 3 of the Elven Halls)
 39374 | Elf:3    | Identified the Tome of Damaging Toxins
 39398 | Elf:3    | Identified the +10 morningstar "Moloepnu" {crush, Dex+4}
                  | (You found it on level 3 of the Elven Halls)
 39640 | Elf:2    | Killed Tommers's ghost
 39652 | Elf:2    | Learned a level 2 spell: Blink
 39656 | Elf:2    | Learned a level 3 spell: Mephitic Cloud
 39931 | Lair:1   | Killed Sassenached's ghost
 40496 | D:9      | Bought a scroll of teleportation for 81 gold pieces
 40496 | D:9      | Bought a potion of heal wounds for 135 gold pieces
 40496 | D:9      | Bought 2 potions of curing for 162 gold pieces
 40588 | D:9      | Killed PeSeC's ghost
 40595 | D:9      | Identified the +2 long sword "Kaij" {drain, *Rage +Rage
                  | Str+4} (You found it on level 9 of the Dungeon)
 40750 | D:3      | Killed weresquid's ghost
 41033 | Depths:1 | Entered Level 1 of the Depths
 41080 | Depths:1 | Reached XP level 22. HP: 225/225 MP: 21/21
 41081 | Depths:1 | Found a gateway to Hell.
 41145 | Depths:1 | Found Jukloud's Armour Emporium.
 41294 | Depths:1 | Learned a level 3 spell: Vampiric Draining
 41297 | Depths:1 | Learned a level 2 spell: Slow
 41954 | Depths:2 | Reached skill level 1 in Conjurations
 41954 | Depths:2 | Reached skill level 1 in Poison Magic
 41958 | Depths:2 | Reached skill level 1 in Hexes
 42018 | Depths:2 | Reached skill level 1 in Air Magic
 42108 | Depths:2 | Found a one-way gate to the infinite horrors of the Abyss.
 42208 | Depths:2 | Found a bloodstained altar of Trog.
 42208 | Depths:2 | Found a sacrificial altar of Ru.
 42209 | Depths:2 | Found a shimmering altar of Xom.
 42258 | Depths:2 | Reached skill level 5 in Spellcasting
 42283 | Depths:2 | Noticed a golden dragon
 42290 | Depths:2 | Killed a golden dragon
 42478 | Depths:2 | Reached XP level 23. HP: 232/232 MP: 23/23
 42614 | Depths:2 | Learned a level 6 spell: Statue Form
 42621 | Depths:2 | Identified the cursed +1 chain mail of Doja {+Inv rF-
                  | Stlth+} (You found it on level 2 of the Depths)
 42721 | Depths:2 | Reached skill level 1 in Earth Magic
 43188 | Depths:3 | Found a glowing golden altar of the Shining One.
 43390 | Depths:3 | Found a glowing golden altar of the Shining One.
 43449 | Depths:3 | Found a one-way gate leading to the halls of Pandemonium.
 43606 | Depths:3 | Reached skill level 5 in Earth Magic
 43978 | Depths:3 | Reached skill level 10 in Evocations
 43995 | Depths:3 | Learned a level 5 spell: Lee's Rapid Deconstruction
 44338 | Depths:4 | Reached skill level 10 in Invocations
 44363 | Depths:4 | Noticed Frederick
 44379 | Depths:4 | Killed Frederick
 45585 | Vaults:5 | Entered Level 5 of the Vaults
 45598 | Vaults:5 | Reached XP level 24. HP: 243/243 MP: 25/25
 45760 | Vaults:5 | Noticed an ancient lich
 45798 | Vaults:5 | Killed an ancient lich
 45819 | Vaults:5 | Reached skill level 10 in Earth Magic
 45890 | Vaults:5 | Identified Easy Thaumaturgy
 45907 | Vaults:5 | Learned a level 2 spell: Swiftness
 46049 | Vaults:5 | Identified the ring of Puned {rCorr *Corrode Dex+2 Stlth+}
 46172 | Vaults:5 | Identified the Papyrus of Cold and Glamour
 46281 | Vaults:5 | Noticed an ancient lich
 46288 | Vaults:5 | Killed an ancient lich
 46465 | Vaults:5 | Found the +8 whip "Snakebite" {curare, rPois}
 46472 | Vaults:5 | Got a silver rune of Zot
 46600 | Vaults:5 | Reached skill level 1 in Transmutations
 46720 | Vaults:5 | Reached XP level 25. HP: 252/252 MP: 27/27
 46987 | Vaults:5 | Identified the cursed +1 leather armour "Zucosis" {-Tele
                  | +Inv rElec rF+ Str-5}
 47512 | Depths:5 | Entered Level 5 of the Depths
 47514 | Depths:5 | Found a gateway to a ziggurat.
 47768 | Depths:5 | Found a gate to the Realm of Zot.
 47842 | Depths:5 | Reached skill level 5 in Conjurations
 47870 | Depths:5 | Noticed Boris
 47903 | Depths:5 | Killed Boris
 48312 | Hell     | Entered the Vestibule of Hell
 48312 | Hell     | Noticed Geryon
 48418 | Hell     | HP: 10/254 [hell beast[Geryon] (10)]
 48431 | Hell     | Killed Geryon
 48493 | Hell     | Found a gateway to the ashen valley of Gehenna.
 48597 | Hell     | Found a gateway to the Iron City of Dis.
 48694 | Hell     | Found a gateway to the freezing wastes of Cocytus.
 48797 | Hell     | Found a gateway to the decaying netherworld of Tartarus.
 49276 | Crypt:1  | Entered Level 1 of the Crypt
 49327 | Crypt:1  | Reached skill level 5 in Transmutations
 49395 | Crypt:1  | Reached XP level 26. HP: 262/262 MP: 28/28
 49661 | Crypt:1  | Noticed Xtahua
 49671 | Crypt:1  | Killed Xtahua
 50260 | Crypt:2  | Reached skill level 15 in Earth Magic
 50681 | Crypt:3  | Entered Level 3 of the Crypt
 51347 | Crypt:3  | Noticed a greater mummy
 51417 | Crypt:3  | Found a staircase to the Tomb.
 51671 | Crypt:3  | Identified the cursed +3 rapier "Kyosagre" {speed, MR+
                  | Str+4}
 51833 | Crypt:3  | Killed a greater mummy
 51871 | Crypt:3  | Identified the ring "Jot Nesh" {rN+ Int+3 Slay+2} (You
                  | found it on level 3 of the Crypt)
 51872 | Crypt:3  | Identified the ring "Wihit" {rF- rC+ rN+ Str+2 SInv} (You
                  | found it on level 3 of the Crypt)
 51873 | Crypt:3  | Identified the ring "Foateofa" {rN+ Dex-3 Slay+2 SInv} (You
                  | found it on level 3 of the Crypt)
 52298 | Depths:2 | Voluntarily entered the Abyss.
 52298 | Abyss:1  | Found a corrupted altar of Lugonu.
 52456 | Abyss:1  | Noticed an ancient lich
 52473 | Abyss:1  | Killed an ancient lich
 52733 | Abyss:1  | Paralysed by accursed screaming for 1 turns
 53044 | Abyss:1  | Gained mutation: You are occasionally teleported next to
                  | monsters. [a neqoxec]
 53047 | Abyss:1  | Gained mutation: Your body sometimes deteriorates upon
                  | taking damage. [a neqoxec]
 53701 | Abyss:3  | Reached XP level 27. HP: 270/270 MP: 29/29
 53809 | Abyss:3  | Reached skill level 10 in Spellcasting
 53964 | Abyss:3  | Got an abyssal rune of Zot
 54578 | Depths:2 | Escaped the Abyss
 54969 | Slime:1  | Entered Level 1 of the Pits of Slime
 54993 | Slime:1  | Learned a level 2 spell: Sticks to Snakes
 55772 | Slime:4  | Gained mutation: You occasionally shout uncontrollably at
                  | your foes. [a shining eye]
 55773 | Slime:4  | Gained mutation: You are very dopey. (Int -4) [a shining
                  | eye]
 55929 | Slime:5  | Entered Level 5 of the Pits of Slime
 55958 | Slime:5  | Noticed the Royal Jelly
 56097 | Slime:5  | Gained mutation: Your body often deteriorates upon taking
                  | damage. [a shining eye]
 56147 | Slime:5  | Found a viscous altar of Jiyva.
 56150 | Slime:5  | Found the +2 shield of Resistance {rF+ rC+ MR+}
 56154 | Slime:5  | Found the +4 moon troll leather armour {Spirit, Regen++
                  | MP+5}
 56165 | Slime:5  | Lost mutation: You are very dopey. (Int -4) [a shining eye]
 56181 | Slime:5  | Gained mutation: You have sharp toenails. [a shining eye]
 56183 | Slime:5  | Gained mutation: You have supernaturally acute eyesight.
                  | (SInv) [a shining eye]
 56227 | Slime:5  | Killed the Royal Jelly
 56317 | Slime:5  | Got a slimy rune of Zot
 56387 | Slime:5  | Identified the ring of Futetseo {Fire +Inv SInv} (You found
                  | it on level 5 of the Pits of Slime)
 56484 | Slime:5  | Lost mutation: Your body often deteriorates upon taking
                  | damage. [potion of mutation]
 56484 | Slime:5  | Lost mutation: You have sharp toenails. [potion of
                  | mutation]
 56484 | Slime:5  | Lost mutation: You are occasionally teleported next to
                  | monsters. [potion of mutation]
 56484 | Slime:5  | Gained mutation: You possess an exceptional clarity of
                  | mind. [potion of mutation]
 56484 | Slime:5  | Gained mutation: You are partially covered in rugged brown
                  | scales. (AC +1, +3% HP) [potion of mutation]
 57046 | Zot:1    | Entered Level 1 of the Realm of Zot
 58617 | Zot:3    | Identified the -6 large shield "Toaluifi" {*Slow rPois
                  | Dex+6 Stlth+} (You acquired it on level 3 of the Realm of
                  | Zot)
 60011 | Orc:1    | Bought a book of Enchantments for 500 gold pieces
 60017 | Orc:1    | Learned a level 5 spell: Silence
 60519 | Zot:4    | Got a crude helmet
 60530 | Zot:4    | Identified the +2 helmet of Imperfection {-Cast rC++ Dex+2
                  | Stlth+} (You acquired it on level 4 of the Realm of Zot)
 62286 | Zot:5    | Entered Level 5 of the Realm of Zot
 62419 | Zot:5    | Identified the Volume of Paper
 62765 | Zot:5    | Noticed an orb of fire
 62769 | Zot:5    | Noticed an orb of fire
 62772 | Zot:5    | Noticed an ancient lich
 62773 | Zot:5    | Gained mutation: You are clumsy. (Dex -2) [an orb of fire]
 62780 | Zot:5    | Noticed an ancient lich
 62783 | Zot:5    | Noticed an ancient lich
 62785 | Zot:5    | Noticed an ancient lich
 62789 | Zot:5    | Noticed an ancient lich
 62790 | Zot:5    | Gained mutation: Potions are less effective at restoring
                  | your health. [an orb of fire]
 62791 | Zot:5    | Gained mutation: Potions are poor at restoring your health.
                  | [an orb of fire]
 62792 | Zot:5    | Noticed an ancient lich
 62793 | Zot:5    | Lost mutation: You have supernaturally acute eyesight.
                  | (SInv) [an orb of fire]
 62798 | Zot:5    | Gained mutation: Scrolls take you a little longer to read.
                  | [an orb of fire]
 62801 | Zot:5    | Noticed an ancient lich
 62802 | Zot:5    | Killed an orb of fire
 62802 | Zot:5    | Reached skill level 10 in Transmutations
 62804 | Zot:5    | Killed an ancient lich
 62804 | Zot:5    | Reached skill level 5 in Hexes
 62806 | Zot:5    | Gained mutation: Scrolls take you longer to read. [an orb
                  | of fire]
 62807 | Zot:5    | Killed an ancient lich
 62807 | Zot:5    | Killed an ancient lich
 62807 | Zot:5    | Reached skill level 5 in Air Magic
 62808 | Zot:5    | Killed an orb of fire
 62809 | Zot:5    | Noticed an orb of fire
 62813 | Zot:5    | Killed an ancient lich
 62814 | Zot:5    | Killed an ancient lich
 62816 | Zot:5    | Noticed an ancient lich
 62820 | Zot:5    | Noticed an ancient lich
 62823 | Zot:5    | Killed an ancient lich
 62830 | Zot:5    | Killed an ancient lich
 62833 | Zot:5    | Killed an ancient lich
 62833 | Zot:5    | Gained mutation: You sometimes yell uncontrollably at your
                  | foes. [an orb of fire]
 62842 | Zot:5    | Killed an orb of fire
 62846 | Zot:5    | Killed an ancient lich
 62873 | Zot:5    | Lost mutation: Your body sometimes deteriorates upon taking
                  | damage. [potion of mutation]
 62873 | Zot:5    | Lost mutation: You are dopey. (Int -2) [potion of mutation]
 62873 | Zot:5    | Lost mutation: Scrolls take you longer to read. [potion of
                  | mutation]
 62873 | Zot:5    | Lost mutation: Scrolls take you a little longer to read.
                  | [potion of mutation]
 62873 | Zot:5    | Lost mutation: You are clumsy. (Dex -2) [potion of
                  | mutation]
 62873 | Zot:5    | Gained mutation: Your mind is acute. (Int +2) [potion of
                  | mutation]
 62873 | Zot:5    | Gained mutation: You are robust. (+10% HP) [potion of
                  | mutation]
 63891 | D:14     | Bought 2 potions of heal wounds for 110 gold pieces
 63891 | D:14     | Bought a potion of heal wounds for 55 gold pieces
 63891 | D:14     | Bought a potion of haste for 110 gold pieces
 64199 | Geh:1    | Entered Level 1 of Gehenna
 64285 | Geh:1    | Reached skill level 1 in Stealth
 64481 | Geh:4    | Reached skill level 5 in Stealth
 64897 | Geh:7    | Entered Level 7 of Gehenna
 65262 | Geh:7    | Noticed the Serpent of Hell
 65278 | Geh:7    | Killed the Serpent of Hell
 65303 | Geh:7    | Identified the amulet "Xiteti" {Reflect MR+ Dex-5 SH+4
                  | Stlth+}
 65309 | Geh:7    | Reached skill level 10 in Stealth
 65627 | Geh:7    | Identified the +7 sceptre of Asmodeus
 65627 | Geh:7    | Noticed Asmodeus
 65682 | Geh:7    | Killed Asmodeus
 65705 | Geh:7    | Got an obsidian rune of Zot
 66101 | Coc:1    | Entered Level 1 of Cocytus
 66759 | Coc:7    | Entered Level 7 of Cocytus
 66865 | Coc:7    | HP: 7/414 [something (20)]
 67057 | Depths:4 | Voluntarily entered the Abyss.
 67080 | Abyss:1  | Reached skill level 15 in Stealth
 67158 | Abyss:1  | Noticed an ancient lich
 67173 | Abyss:1  | Killed an ancient lich
 67176 | Abyss:1  | Reached skill level 10 in Hexes
 67713 | Depths:4 | Escaped the Abyss
 68113 | Depths:4 | Voluntarily entered the Abyss.
 68372 | Abyss:1  | Found a bloodstained altar of Trog.
 68456 | Abyss:1  | Found a bloodstained altar of Trog.
 68554 | Abyss:1  | Found a bloodstained altar of Trog.
 68667 | Depths:4 | Escaped the Abyss
 68935 | Depths:4 | Voluntarily entered the Abyss.
 68935 | Abyss:1  | Found a corrupted altar of Lugonu.
 69326 | Abyss:1  | Found a burning altar of Makhleb.
 69352 | Depths:4 | Escaped the Abyss
 70206 | Coc:7    | Noticed Antaeus
 70252 | Coc:7    | Killed Antaeus
 70274 | Coc:7    | Got an icy rune of Zot
 70439 | Dis:1    | Entered Level 1 of the Iron City of Dis
 70897 | Dis:4    | Reached skill level 27 in Fighting
 70999 | Dis:5    | Gained mutation: Scrolls take you a little longer to read.
                  | [mutagenic glow]
 71041 | Dis:5    | Lost mutation: Your mind is acute. (Int +2) [mutagenic
                  | glow]
 71191 | Dis:7    | Entered Level 7 of the Iron City of Dis
 71618 | Dis:7    | Got a bound lead amulet
 71628 | Dis:7    | Identified the amulet "Kojau" {Inacc Str-4 Int+6 SInv} (You
                  | found it on level 7 of the Iron City of Dis)
 71887 | Dis:7    | Got a smoking pewter ring
 71890 | Dis:7    | Identified the ring "Doreri" {+Inv SInv} (You found it on
                  | level 7 of the Iron City of Dis)
 72106 | Dis:7    | Identified the cursed +1 quarterstaff of the Silent
                  | Majority {freeze, rPois rC- rN+ Dex+2}
 72438 | Dis:7    | Identified the +9 morningstar of Trog's Generosity {drain,
                  | Fragile rF+ rN+ Int+2}
 72438 | Dis:7    | Identified the +4 plate armour "Zig Sihi" {rF+ rN+ Str-4
                  | Int+6}
 72462 | Dis:7    | Identified the +4 staff of Dispater
 72462 | Dis:7    | Noticed Dispater
 72516 | Dis:7    | Killed Dispater
 72542 | Dis:7    | Got an iron rune of Zot
 72748 | Depths:4 | Voluntarily entered the Abyss.
 72780 | Abyss:1  | Found an iron altar of Okawaru.
 73099 | Depths:4 | Escaped the Abyss
 73132 | Tar:1    | Entered Level 1 of Tartarus
 73503 | Depths:4 | Voluntarily entered the Abyss.
 73664 | Abyss:1  | Found a corrupted altar of Lugonu.
 73987 | Depths:4 | Escaped the Abyss
 74193 | Tar:1    | Found a shadowy altar of Dithmenos.
 75057 | Tar:7    | Entered Level 7 of Tartarus
 75410 | Tar:7    | Noticed Ereshkigal
 75449 | Tar:7    | Killed Ereshkigal
 75495 | Tar:7    | Got a bone rune of Zot
 75537 | Tar:7    | Reached skill level 15 in Spellcasting
 75771 | Pan      | Entered Pandemonium
 75984 | Pan      | Reached skill level 15 in Invocations
 76070 | Pan      | Noticed Medwiet the pandemonium lord
 76101 | Pan      | Killed Medwiet the pandemonium lord
 76280 | Pan      | Entered the realm of Mnoleg.
 76285 | Pan      | Gained mutation: Your body sometimes deteriorates upon
                  | taking damage. [a neqoxec]
 76318 | Pan      | Reached skill level 27 in Axes
 76331 | Pan      | Gained mutation: You are dopey. (Int -2) [a neqoxec]
 76352 | Pan      | Lost mutation: You are robust. (+10% HP) [a neqoxec]
 76357 | Pan      | Lost mutation: You sometimes yell uncontrollably at your
                  | foes. [potion of mutation]
 76357 | Pan      | Lost mutation: You are dopey. (Int -2) [potion of mutation]
 76357 | Pan      | Lost mutation: Scrolls take you a little longer to read.
                  | [potion of mutation]
 76357 | Pan      | Lost mutation: You occasionally shout uncontrollably at
                  | your foes. [potion of mutation]
 76357 | Pan      | Gained mutation: You have a pair of small horns on your
                  | head. [potion of mutation]
 76357 | Pan      | Lost mutation: You have a pair of small horns on your head.
                  | [potion of mutation]
 76357 | Pan      | Gained mutation: Your body often deteriorates upon taking
                  | damage. [potion of mutation]
 76357 | Pan      | Gained mutation: You are partially covered in slimy green
                  | scales. (AC +2) [potion of mutation]
 76372 | Pan      | Found an exit through the horrors of the Abyss.
 76406 | Pan      | Reached skill level 27 in Shields
 76484 | Pan      | Paralysed by a floating eye for 2 turns
 76495 | Pan      | Paralysed by a floating eye for 3 turns
 76499 | Pan      | Gained mutation: Your magical capacity is low. (-10% MP) [a
                  | neqoxec]
 76542 | Pan      | Identified the +3 pair of gloves "Mecahere" {rElec rC+}
                  | (You acquired it in Pandemonium)
 76572 | Pan      | Noticed Mnoleg
 76587 | Pan      | Paralysed by a floating eye for 2 turns
 76589 | Pan      | Gained mutation: You are frail. (-10% HP) [Mnoleg's
                  | mutagenic touch]
 76601 | Pan      | Gained mutation: You are very frail. (-20% HP) [a shining
                  | eye]
 76605 | Pan      | Killed Mnoleg
 76605 | Pan      | Reached skill level 15 in Evocations
 76607 | Pan      | Gained mutation: You occasionally shout uncontrollably at
                  | your foes. [a cacodemon]
 76627 | Pan      | Gained mutation: Your spells are a little easier to cast,
                  | but a little less powerful. [a cacodemon]
 76689 | Pan      | Got a glowing rune of Zot
 76730 | Pan      | Gained mutation: Scrolls take you a little longer to read.
                  | [a neqoxec]
 76763 | Pan      | Entered the realm of Lom Lobon.
 76764 | Pan      | Lost mutation: You are very frail. (-20% HP) [potion of
                  | mutation]
 76764 | Pan      | Lost mutation: You are frail. (-10% HP) [potion of
                  | mutation]
 76764 | Pan      | Lost mutation: Scrolls take you a little longer to read.
                  | [potion of mutation]
 76764 | Pan      | Gained mutation: Armour fits poorly on your strangely
                  | shaped body. [potion of mutation]
 76764 | Pan      | Lost mutation: Your body often deteriorates upon taking
                  | damage. [potion of mutation]
 76764 | Pan      | Lost mutation: Armour fits poorly on your strangely shaped
                  | body. [potion of mutation]
 76764 | Pan      | Lost mutation: Your spells are a little easier to cast, but
                  | a little less powerful. [potion of mutation]
 76765 | Pan      | Lost mutation: You are partially covered in slimy green
                  | scales. (AC +2) [potion of mutation]
 76765 | Pan      | Lost mutation: You possess an exceptional clarity of mind.
                  | [potion of mutation]
 76765 | Pan      | Lost mutation: You occasionally shout uncontrollably at
                  | your foes. [potion of mutation]
 76765 | Pan      | Gained mutation: You occasionally shout uncontrollably at
                  | your foes. [potion of mutation]
 76765 | Pan      | Gained mutation: You are resistant to hostile enchantments.
                  | (MR+) [potion of mutation]
 76766 | Pan      | Lost mutation: You are resistant to hostile enchantments.
                  | (MR+) [potion of mutation]
 76766 | Pan      | Lost mutation: You occasionally shout uncontrollably at
                  | your foes. [potion of mutation]
 76766 | Pan      | Lost mutation: You are partially covered in rugged brown
                  | scales. (AC +1, +3% HP) [potion of mutation]
 76766 | Pan      | Gained mutation: You are robust. (+10% HP) [potion of
                  | mutation]
 76766 | Pan      | Gained mutation: You are partially covered in iridescent
                  | scales. (AC +2) [potion of mutation]
 77043 | Pan      | Noticed Lom Lobon
 77083 | Pan      | Killed Lom Lobon
 77102 | Pan      | Got a magical rune of Zot
 77440 | Pan      | Got a slimy tin ring
 77441 | Pan      | Identified the ring of Mumnas {-Tele rF+ rC+ Int+3 Dex+2}
                  | (You found it in Pandemonium)
 77680 | Pan      | Found a runed translucent door.
 77743 | Pan      | Noticed Tedesk the pandemonium lord
 77772 | Pan      | Killed Tedesk the pandemonium lord
 77857 | Pan      | Found an exit through the horrors of the Abyss.
 77866 | Pan      | Took an exit into the Abyss.
 77866 | Abyss:1  | Escaped into the Abyss
 77912 | Depths:5 | Escaped the Abyss
 77916 | Pan      | Entered the realm of Gloorx Vloq.
 77916 | Pan      | Entered Pandemonium
 77980 | Pan      | Identified the +14 crystal plate armour of Henotheism
                  | {*Corrode +Blink rF+ MR+} (You acquired it in Pandemonium)
 78834 | Pan      | Noticed Gloorx Vloq
 78882 | Pan      | Killed Gloorx Vloq
 78928 | Pan      | Got a dark rune of Zot
 79212 | Pan      | Entered the realm of Cerebov.
 79389 | Pan      | Identified the +0 quarterstaff of Diet Blood {drain, *Drain
                  | rN++}
 79406 | Pan      | Identified the +0 cloak of Jigsaw {rN+} (You found it in
                  | Pandemonium)
 79496 | Pan      | Identified the +6 sword of Cerebov {flame}
 79496 | Pan      | Noticed Cerebov
 79505 | Pan      | Reached skill level 27 in Armour
 79529 | Pan      | Killed Cerebov
 79583 | Pan      | Got a fiery rune of Zot
 79813 | Pan      | Noticed Wuhorhut the pandemonium lord
 79918 | Pan      | Found an exit through the horrors of the Abyss.
 80208 | Pan      | Noticed Xouwn the pandemonium lord
 80233 | Pan      | Killed Xouwn the pandemonium lord
 80364 | Pan      | Found a transporter.
 80364 | Pan      | Found a transporter.
 80514 | Pan      | Identified the +1 broad axe "Bunog" {drain, rF+ rC+++ rN+
                  | Str-2}
 80514 | Pan      | Identified the ring "Potiew" {rN+ Str+8 Dex-5 Slay+2}
 81177 | Pan      | Found a huge runed translucent gate.
 81530 | Pan      | Noticed Morotam the pandemonium lord
 81546 | Pan      | Killed Morotam the pandemonium lord
 81662 | Pan      | Found a huge runed translucent gate.
 81780 | Pan      | Gained mutation: You are weak. (Str -2) [a cacodemon]
 82238 | Pan      | Noticed Ricootimn the pandemonium lord
 82266 | Pan      | Killed Ricootimn the pandemonium lord
 82287 | Pan      | Killed from afar by a Brimstone Fiend

Skill      XL: |  1  2  3  4  5  6  7  8  9 10 11 12 13 14 15 16 17 18 19 20 21 22 23 24 25 26 27 |
---------------+----------------------------------------------------------------------------------+-----
Fighting       | 3 4 5 6 7 9 10 11 12 14 15 16 17 18 19 20 27 | 27.0
Axes           | 3 4 5 6 8 9 10 11 12 13 15 16 17 18 19 20 21 22 27 | 27.0
Shields        | 4 5 6 7 8 9 10 12 13 14 15 16 17 18 19 20 21 22 23 24 25 27 | 27.0
Armour         | 4 5 6 7 8 9 10 11 13 14 15 16 17 18 19 20 27 | 27.0
Invocations    | 2 5 6 8 9 10 12 13 16 | 16.0
Evocations     | 2 5 6 8 9 10 12 16 | 16.0
Necromancy     | 4 |  4.0
Spellcasting   | 3 5 6 7 8 9 19 | 19.8
Translocations | 4 |  4.0
Conjurations   | 2 3 4 5 7 8 |  8.0
Poison Magic   | 2 3 |  3.0
Hexes          | 2 3 10 | 10.0
Air Magic      | 2 3 9 |  9.0
Earth Magic    | 7 11 14 16 21 | 21.5
Transmutations | 1 5 6 10 | 10.0
Stealth        | 16 | 16.0

Action                   |  1- 3 |  4- 6 |  7- 9 | 10-12 | 13-15 | 16-18 | 19-21 | 22-24 | 25-27 || total
-------------------------+-------+-------+-------+-------+-------+-------+-------+-------+-------++-------
Melee: War axe           |   154 |   219 |   255 |   814 |   407 |       |       |       |       ||  1849
       Flail             |       |       |       |    42 |   539 |   300 |       |       |       ||   881
       Broad axe         |       |       |       |       |   689 |  1223 |  1354 |  1385 |  8243 || 12894
Throw: Tomahawk          |       |       |    14 |    15 |    10 |    43 |       |       |       ||    82
       Javelin           |       |       |       |       |       |    15 |       |       |     6 ||    21
 Cast: Lee's Rapid Decon |       |       |       |       |       |       |       |       |    41 ||    41
       Statue Form       |       |       |       |       |       |       |       |       |    19 ||    19
       Sticks to Snakes  |       |       |       |       |       |       |       |       |    18 ||    18
       Vampiric Draining |       |       |       |       |       |       |       |       |     7 ||     7
       Blink             |       |       |       |       |       |       |       |       |     3 ||     3
       Silence           |       |       |       |       |       |       |       |       |     2 ||     2
Invok: Greater Servant o |       |       |       |       |       |       |       |       |     2 ||     2
       Lesser Servant of |       |       |       |       |       |       |       |       |     3 ||     3
 Abil: Heal Wounds       |     1 |     5 |     6 |     1 |    10 |       |       |       |    39 ||    62
       Stop Flying       |       |       |       |     1 |       |       |     1 |       |     3 ||     5
       Evoke Flight      |       |       |       |       |       |     1 |       |       |    10 ||    11
       End Transformatio |       |       |       |       |       |       |       |       |    10 ||    10
Evoke: Wand              |       |       |     2 |     5 |    22 |     5 |       |     1 |    65 ||   100
       Phantom mirror    |       |       |       |       |       |       |       |       |     4 ||     4
       Lamp of fire      |       |       |       |       |       |       |       |       |     3 ||     3
  Use: Scroll            |       |     6 |     7 |     4 |    17 |    17 |    22 |     3 |    38 ||   114
       Potion            |       |     1 |       |       |     1 |     1 |       |       |    34 ||    37
 Stab: Held in net/web   |       |       |       |       |       |     2 |       |       |       ||     2
       Petrified         |       |       |       |       |       |       |     3 |       |       ||     3
       Distracted        |       |       |       |       |       |       |       |     2 |    12 ||    14
       Sleeping          |       |       |       |       |       |       |       |       |     4 ||     4
  Eat: Chunk             |       |     7 |     8 |    23 |    31 |    29 |    24 |    18 |    41 ||   181
       Ration            |       |       |       |     1 |     1 |     2 |     2 |       |    29 ||    35
Armor: Scale mail        |    68 |    79 |    11 |       |       |       |       |       |       ||   158
       Plate armour      |       |       |    91 |   588 |   684 |   595 |   264 |   430 |  2779 ||  5431
       Skin              |       |       |       |       |       |       |       |       |   226 ||   226
Dodge: Dodged            |    51 |    77 |    36 |   160 |   180 |   136 |    98 |   169 |  1131 ||  2038
Block: Shield            |    88 |   137 |   157 |   550 |       |       |       |       |       ||   932
       Reflection        |       |     3 |     5 |     8 |    61 |   110 |       |       |       ||   187
       Large shield      |       |       |       |   293 |  2390 |  2310 |  1336 |  1758 | 10829 || 18916
